 Dungeon Crawl Stone Soup version 0.25-b1-29-g4cfa5c7bda (webtiles) character file.

Game seed: 5472468866665727311, levelgen mode: deterministic

165 Froggeryz the Cudgeler (level 5, -2/32 HPs)
             Began as a Gargoyle Fighter on June 3, 2020.
             Was an Initiate of Okawaru.
             Slain by a hound (4 damage)
             ... on level 3 of the Dungeon.
             The game lasted 00:04:19 (2150 turns).

Froggeryz the Cudgeler (Gargoyle Fighter)           Turns: 2150, Time: 00:04:20

Health: -2/32      AC: 10    Str: 20    XL:     5   Next: 46%
Magic:  5/5        EV:  6    Int:  9    God:    Okawaru [......]
Gold:   92         SH:  8    Dex:  9    Spells: 4/4 levels left

rFire    . . .     SeeInvis .   a - +0 flail
rCold    . . .     Gourm    .   c - +0 kite shield
rNeg     + . .     Faith    .   b - +0 scale mail
rPois    ∞         Spirit   .   (no helmet)
rElec    +         Reflect  .   (no cloak)
rCorr    .         Harm     .   (no gloves)
MR       .....     Rnd*Tele +   (no boots)
Stlth    ..........             (no amulet)
HPRegen  0.10/turn              g - ring of teleportation (curse)
MPRegen  0.09/turn              (no ring)

@: heavily drained
A: negative energy resistance 1, electricity resistance, unbreathing,
petrification resistance, rot immunity, AC +4
a: Renounce Religion


You were on level 3 of the Dungeon.
You worshipped Okawaru.
Okawaru was noncommittal.
You were hungry.

You visited 1 branch of the dungeon, and saw 3 of its levels.
You also visited: Sewer.

You collected 92 gold pieces.

Inventory:

Hand Weapons
 a - a +0 flail (weapon)
Armour
 b - a +0 scale mail (worn)
 c - a +0 kite shield (worn)
Jewellery
 g - a cursed ring of teleportation (left hand)
Scrolls
 i - 5 scrolls of identify {unknown}
 k - a scroll of amnesia {unknown}
 l - 5 scrolls of remove curse {unknown}
 n - a scroll of teleportation {unknown}
 o - a scroll of enchant weapon {unknown}
 p - a scroll of fog {unknown}
Potions
 e - a potion of cancellation
Comestibles
 f - 4 rations


   Skills:
 - Level 3.2(1.6) Fighting
 * Level 5.5(3.7) Maces & Flails
 - Level 3.2(1.6) Armour
 - Level 3.2(1.6) Shields


You had 4 spell levels left.
You didn't know any spells.
Your spell library was empty.

Dungeon Overview and Level Annotations

Branches:
Dungeon (3/15)              Sewer (visited)

Altars:
Okawaru
Ru
Vehumet
Yredelemnul
Zin


Innate Abilities, Weirdness & Mutations

You are resistant to torment.
Your stone body is resilient. (AC +4)
You are immune to poison.
You resist negative energy. (rN+)
You are resistant to electric shocks. (rElec)
You can survive without breathing.
You are immune to petrification.
You are immune to rotting.


Message History

You block the hound's attack.
You closely miss the hound.
The hound is lightly wounded.
You block the hound's attack.
The hound splashes around in the water.
You miss the hound.
The hound is lightly wounded.
The hound bites you but does no damage.
The hound splashes around in the water.
You hit the hound but do no damage.
The hound is lightly wounded.
The hound splashes around in the water.
The hound barely misses you.
You hit the hound but do no damage.
The hound is lightly wounded.
The hound bites you but does no damage. You block the hound's attack.
You sock the hound!
The hound is severely wounded.
The hound barely misses you.
You closely miss the hound.
The hound is severely wounded.
The hound bites you.
You die...

#.†††# #....#
#..##≈#
#....#### #.#
#≈# #.......##
... #≈#
#....##..#####
... #≈#
#....###......
... #≈# #....#
####### ###
#≈# #....# #h#
###### #@# #≈#
###


You could see a hound.

Vanquished Creatures
  An orc wizard (D:2)
  3 gnolls (D:2)
  4 adders
  2 worms
  4 dart slugs
  A leopard gecko (D:1)
  3 orcs (D:2)
  5 giant cockroaches
  3 hobgoblins
  6 jackals
  4 ball pythons
  6 bats
  5 goblins
  11 kobolds
  A rat (D:2)
59 creatures vanquished.

Notes
Turn   | Place    | Note
-------+----------+-------------------------------------------
     0 | D:1      | Froggeryz the Gargoyle Fighter began the quest for the Orb.
     0 | D:1      | Reached XP level 1. HP: 14/14 MP: 1/1
   160 | D:1      | Reached XP level 2. HP: 19/19 MP: 2/2
   319 | D:1      | Reached skill level 3 in Maces & Flails
   562 | D:1      | Reached XP level 3. HP: 23/23 MP: 3/3
  1075 | D:2      | Reached skill level 4 in Maces & Flails
  1079 | D:2      | Reached XP level 4. HP: 17/28 MP: 4/4
  1271 | D:2      | Found a sacrificial altar of Ru.
  1637 | D:2      | Reached skill level 5 in Maces & Flails
  1637 | D:2      | Reached XP level 5. HP: 16/32 MP: 5/5
  1658 | D:3      | Found a glowing silver altar of Zin.
  1658 | D:3      | Found an iron altar of Okawaru.
  1659 | D:3      | Found a radiant altar of Vehumet.
  1665 | D:3      | Became a worshipper of Warmaster Okawaru
  1884 | D:3      | Found a basalt altar of Yredelemnul.
  2031 | D:3      | Found a glowing drain.
  2040 | Sewer    | Entered a sewer
  2054 | Sewer    | Noticed Purgy
  2144 | D:3      | HP: 1/32 [hound (2)]
  2150 | D:3      | Slain by a hound

Illustrated notes

Levels and vault maps discovered:
D:1:      ncdulo_watergridlock, layout_rooms, serial_forest,
          infiniplex_forest_clump_small, infiniplex_forest_corner_2,
          infiniplex_forest_straight_2, infiniplex_forest_straight_4,
          infiniplex_forest_fountain, infiniplex_forest_lined_corner,
          infiniplex_forest_straight_1, minmay_box_of_dots
D:2:      layout_basic, old_standard_altar, first_ration, skrybe_limestone_x
D:3:      layout_rooms, yredelemnul_altar_generic,
          gammafunk_temple_overflow_forgotten, portal_sewer_entry_d

Skill      XL: |  1  2  3  4 |
---------------+-------------+-----
Maces & Flails | 3 4 5 |  5.5
Fighting       | |  3.2
Armour         | |  3.2
Shields        | |  3.2

Action                   |  1- 3 |  4- 6 || total
-------------------------+-------+-------++-------
Melee: Flail             |   133 |   156 ||   289
  Use: Potion            |       |     5 ||     5
       Scroll            |       |     1 ||     1
  Eat: Chunk             |     1 |     3 ||     4
Armor: Scale mail        |   104 |   180 ||   284
Dodge: Dodged            |    69 |   104 ||   173
Block: Kite shield       |   108 |   124 ||   232
